 Dungeon Crawl Stone Soup version 0.29-a0-577-gafbf2c5d25 (webtiles) character file.

Game seed: 1638170087443431298

4 shoop the Insei (level 2, 0/23 HPs)
             Began as a Meteoran Transmuter on June 13, 2022.
             Slain by an adder (3 damage)
             ... on level 2 of the Dungeon.
             The game lasted 00:01:11 (127 turns).

shoop the Insei (Meteoran Transmuter)                Turns: 127, Time: 00:01:11

Health: 0/23       AC:  2    Str: 11    XL:     2   Next: 0%
Magic:  4/6        EV: 12    Int: 14    God:
Gold:   16         SH:  0    Dex: 14    Spells: 5/6 levels left

rFire   . . .      SeeInvis .     - Unarmed
rCold   . . .      Faith    .   (no shield)
rNeg    . . .      Spirit   .   a - +0 robe
rPois   .          Reflect  .   (helmet currently unavailable)
rElec   .          Harm     .   (no cloak)
rCorr   .          Rampage  .   (no gloves)
Will    .....                   (boots currently unavailable)
Stlth   +.........              (no amulet)
HPRegen 0.07/turn               (no ring)
MPRegen 0.10/turn               (no ring)

@: lethally poisoned (0 -> -5), appendages, very slightly contaminated, glowing
A: horns 2, talons 2, sense surroundings 1, otherworldly, glowing, explore regen
a: End Transformation


You were on level 2 of the Dungeon.
You had temporarily grown beastly horns and talons.
You visited 1 branch of the dungeon, and saw 2 of its levels.

You collected 16 gold pieces.

Inventory:

Armour
 a - a +0 robe (worn)
Potions
 b - 2 potions of lignification
 c - a potion of degeneration {unknown}


   Skills:
 + Level 1.3 Fighting
 + Level 2.5 Dodging
 * Level 3.8 Unarmed Combat
 - Level 2.6 Spellcasting
 - Level 2.4 Transmutations


You had 5 spell levels left.
You knew the following spells:

 Your Spells              Type           Power      Damage    Failure   Level
a - Beastly Appendage     Tmut           16%        N/A       9%          1

Your spell library contained the following spells:

 Spells                   Type           Power      Damage    Failure   Level
 Wereblood                Tmut           8%         N/A       12%         2
 Spider Form              Tmut/Pois      5%         N/A       38%         3
 Ice Form                 Ice/Tmut       5%         N/A       80%         4


Dungeon Overview and Level Annotations

Branches:
Dungeon (2/15)

Altars:
Makhleb


Innate Abilities, Weirdness & Mutations

You have temporarily grown beastly horns and talons.
You passively map a small area around you.
You are easily found by Zot.
You glow in the dark.
You regain HP and MP as you explore.


Message History

The orc hits you with a +0 hand axe.
* * * LOW HITPOINT WARNING * * *
You punch the orc!
You kill the orc!
You have reached level 2!
Your horns disappear.
Your talons disappear.
Found a dagger.
Found a stone staircase leading down.
Found a burning altar of Makhleb.
There is a stone staircase leading down here.
Found a whip.
An adder comes into view.
Casting: Beastly Appendage (safe; 9% risk of failure)
Confirm with . or Enter, or press ? or * to list all spells.
You miscast Beastly Appendage.
You are very lightly contaminated with residual magic.
Nothing appears to happen.
Casting: Beastly Appendage (safe; 9% risk of failure)
Confirm with . or Enter, or press ? or * to list all spells.
You grow a pair of large bovine horns.
Your feet morph into talons.
The adder bites you.
You are poisoned.
The adder poisons you!
You miss the adder.
You feel sick. The adder closely misses you.
You miss the adder.
You feel sick. The adder barely misses you.
You closely miss the adder. Your headbutt misses the adder.
You feel sick. The adder closely misses you.
You hit the adder but do no damage. You claw the adder. You headbutt the adder.
The adder is heavily wounded.
You feel sick.
You are no longer poisoned.
The adder bites you.
* * * LOW HITPOINT WARNING * * *
You are lethally poisoned!
The adder poisons you! The adder bites you.
* * * LOW HITPOINT WARNING * * *
Unknown command.
Really walk into that teleport trap?
The adder attacks as you move away! The adder bites you.
You die...

... ,, +........#
...#######........#######
*
.#.........##..#......)..,
,
........#................
#.##.......####..........
...#.##.##..#*#..........,
.....#...#...##..........
.................S#*
#..#.....#......@.#
.....#..##.....^.>#
..#...............#
.)..#..##.........#####
........#.............#
..#...............###.#
.##.#...#.............#
....##.##.............#
##................_...#


You could see an adder.

Vanquished Creatures
  2 orcs (D:2)
  A rat (D:2)
3 creatures vanquished.

Notes
Turn   | Place    | Note
-------+----------+-------------------------------------------
     0 | D:1      | shoop the Meteoran Transmuter began the quest for the Orb.
     0 | D:1      | Reached XP level 1. HP: 16/16 MP: 5/5
    93 | D:2      | Reached XP level 2. HP: 2/23 MP: 6/6
   105 | D:2      | Found a burning altar of Makhleb.
   127 | D:2      | Slain by an adder

Illustrated notes

Levels and vault maps discovered:
D:1:      minmay_arrival_jagged, layout_basic, minmay_pentomino_s4
D:2:      layout_basic, basic_altar, hangedman_decor_clover_reticule, uniq_robin

Action                   || total
-------------------------++-------
Melee: Unarmed           ||    19
       Kick              ||     3
       Headbutt          ||     3
       Punch             ||     1
 Cast: Beastly Appendage ||     3
Dodge: Dodged            ||     8

Table legend: (Time is in decaauts)
 A = Elapsed time spent in this place.
 B = Non-inter-level travel time spent in this place.
 C = Inter-level travel time spent in this place.
 D = Time resting spent in this place.
 E = Time spent auto-exploring this place.
 F = Levels seen in this place.
 G = Mean time per level.
                   A        B        C        D        E       F      G
               +--------+--------+--------+--------+--------+-----+--------+
         Total |    125 |    125 |      0 |      0 |      0 |   2 |   62.5 |
       Dungeon |    125 |    125 |      0 |      0 |      0 |   2 |   62.5 |
               +--------+--------+--------+--------+--------+-----+--------+

Top non-repeatable levels by time:
     D:2: 104 daAuts
     D:1: 21 daAuts
